 Dungeon Crawl Stone Soup version 0.31.0-9-g3a7656b989 (webtiles) character file.

Game seed: 9134420044803144394

2471 Bnni the Slicer (level 9, 0/49 HPs)
             Began as a Vine Stalker Fighter on Jan 31, 2024.
             Was a Believer of Uskayaw.
             Slain by Maurice
             ... wielding a +1 dagger of electrocution
              (20 damage)
             ... on level 7 of the Dungeon.
             The game lasted 00:10:14 (4956 turns).

Bnni the Slicer (Vine Stalker Fighter)              Turns: 4956, Time: 00:10:15

Health: 0/49       AC:  9    Str: 18    XL:     9   Next: 51%
Magic:  0/12       EV: 10    Int:  8    God:    Uskayaw [**....]
Gold:   0          SH:  6    Dex: 19    Spells: 8/8 levels left

rFire   . . .        h - +0 rapier (venom)
rCold   . . .        c - +0 buckler
rNeg    + + .        s - +0 ring mail "Ijunweghe" {rN+ SInv Stlth+}
rPois   .            m - +2 helmet
rElec   .            a - +0 cloak
rCorr   .            (no gloves)
SInv    +            (no boots)
Will    +....        x - amulet of regeneration
Stlth   +++          i - ring of positive energy
HPRegen 1.88/turn    (no ring)
MPRegen 0.13/turn

%: guardian spirit
@: no status effects
A: fangs 3, regeneration 1, magic shield, antimagic bite, no potion heal 2
a: Renounce Religion, Stomp, Line Pass


You were on level 7 of the Dungeon.
You worshipped Uskayaw.
Uskayaw was noncommittal.
You visited 2 branches of the dungeon, and saw 8 of its levels.

Inventory:

Hand Weapons
 h - a +0 rapier of venom (weapon)
Missiles
 k - 11 poisoned darts
Armour
 a - a +0 cloak (worn)
 c - a +0 buckler (worn)
 m - a +2 helmet (worn)
 s - the +0 ring mail "Ijunweghe" (worn) {rN+ SInv Stlth+}
   (You found it on level 6 of the Dungeon)

   rN+:       It protects you from negative energy.
   SInv:      It lets you see invisible.
   Stlth+:    It makes you more stealthy.
Jewellery
 i - a ring of positive energy (left hand)
 x - an amulet of regeneration (around neck)
Wands
 b - a wand of charming (8)
 p - a wand of mindburst (13)
 q - a wand of roots (13)
 w - a wand of light (7)
Scrolls
 g - a scroll of immolation
 n - 2 scrolls of blinking
 o - 4 scrolls of amnesia
 t - a scroll of brand weapon {unknown}
 u - a scroll of noise {unknown}
 v - a scroll of fear {unknown}
 y - a scroll of enchant weapon {unknown}
Potions
 d - 2 potions of might
 e - a potion of haste {unknown}
 f - 5 potions of curing
 j - 2 potions of brilliance
 l - a potion of cancellation


   Skills:
 + Level 6.5 Fighting
 * Level 8.6 Short Blades
 - Level 2.4 Armour
 + Level 3.0 Stealth
 - Level 4.0 Shields
 * Level 3.4 Invocations


You had 8 spell levels left.
You didn't know any spells.
Your spell library contained the following spells:

 Spells                   Type           Power      Damage    Failure   Level
 Tukima's Dance           Hex            0%         N/A       96%         3
 Olgreb's Toxic Radiance  Alch           0%         N/A       100%        4
 Passage of Golubria      Tloc           0%         N/A       100%        4
 Yara's Violent Unravell  Hex/Alch       0%         3d3       100%        5
 Malign Gateway           Summ/Tloc      0%         N/A       100%        7
 Ozocubu's Refrigeration  Ice            0%         4d7       100%        7
 Discord                  Hex            0%         N/A       100%        8
 Summon Horrible Things   Summ           0%         N/A       100%        8


Dungeon Overview and Level Annotations

Branches:
Dungeon (7/15)             Temple (1/1) D:5

Altars:
Ashenzari
Cheibriados
Elyvilon
Fedhas
Gozag
Hepliaklqana
Kikubaaqudgha
Makhleb
Nemelex Xobeh
Qazlal
Ru
Uskayaw
Vehumet
Wu Jian
Xom
Yredelemnul
The Shining One

Shops:
D:2 (

Annotations:
D:7 Maurice
Temple 2 transporters


Innate Abilities, Weirdness & Mutations

You have razor-sharp teeth.
Your natural rate of healing is unusually fast.
When hurt, damage is shared between your health and your magic reserves.
Your bite disrupts and absorbs the magic of your enemies.
Potions cannot restore your health.


Message History

You can now pass through a line of other dancers.
You closely miss Maurice.
Maurice is severely wounded.
Maurice zaps a wand.
You resist with significant effort.
You barely miss Maurice.
Maurice is severely wounded.
Maurice hits you with a +1 dagger of electrocution.
Maurice steals 349 gold pieces!
You now have 17 gold pieces.
You block Maurice's attack.
You miss Maurice. Your bite misses Maurice.
Maurice is severely wounded.
Maurice gestures wildly while chanting.
Maurice blinks!
You can no longer pass through a line of other dancers.
You closely miss Maurice. You bite Maurice.
Maurice's magic leaks into the air.
You drain his magic.
You feel invigorated.
Maurice is severely wounded.
You hit Maurice.
Maurice looks as sick as possible!
Your bite misses Maurice.
Maurice is severely wounded.
Maurice hits you with a +1 dagger of electrocution.
Maurice steals 17 gold pieces!
You now have 0 gold pieces.
You block Maurice's attack.
You can now pass through a line of other dancers.
You closely miss Maurice. You bite Maurice, but do no damage.
Maurice is almost dead.
Maurice zaps a wand.
Your mind is blasted!
You miss Maurice. You bite Maurice, but do no damage.
Maurice is almost dead.
Maurice hits you but does no damage.
You are electrocuted!
Maurice bites you.
You feel your power leaking away. Maurice drains your magic.
Maurice looks very invigorated.
You are too injured to fight recklessly!
You are too injured to fight recklessly!
Unknown command.
You hit Maurice. Your bite misses Maurice.
Maurice is almost dead.
Maurice hits you with a +1 dagger of electrocution.
Maurice mutters, "Now where did you hide it?"
You are electrocuted!!
You die...

..# #..#### #.###.##
#.....###### #
...........# .#
#...#.####.# #####.#
..#.#.########.....#
#.#...~≈≈≈≈≈≈##..#
#.#.~.≈≈≈≈≈#≈###.#
#.#~.~≈≈≈≈## #@#
#.#.≈≈≈≈≈## ##f#
....≈~≈~#######..#
..#.~≈~~........##
###~~.~~~.#######
..#~.~~≈..#
#.#.~.~~..#
#...~~.~..#
....~.~~.##


You could see Maurice (extremely poisoned, magic disrupted).

Vanquished Creatures
  Pikel (D:5)
  4 yaks (D:6)
  Menkaure (D:5)
  Duvessa (D:5)
  A sky beast (D:7)
  Pargi (D:3)
  An ogre (D:5)
  A kobold brigand (D:7)
  A bullfrog (D:7)
  2 scorpions (D:5)
  Dowan (D:5)
  3 hounds
  A jelly (D:6)
  A bombardier beetle (D:5)
  2 gnoll boudas (D:4)
  3 iguanas
  3 orc wizards
  Robin (D:2)
  11 adders
  10 gnolls (D:4)
  2 dart slugs
  16 orcs
  7 ball pythons
  A bat (D:1)
  8 endoplasms
  2 giant cockroaches (D:2)
  15 goblins
  7 hobgoblins
  14 jackals
  4 quokkas
  6 frilled lizards
  11 kobolds
  3 rats
146 creatures vanquished.

Vanquished Creatures (others)
  An iguana (D:5)
1 creature vanquished.

Grand Total: 147 creatures vanquished

Notes
Turn   | Place    | Note
-------+----------+-------------------------------------------
     0 | D:1      | Bnni the Vine Stalker Fighter began the quest for the Orb.
     0 | D:1      | Reached XP level 1. HP: 11/11 MP: 2/2
    85 | D:1      | Reached skill level 2 in Short Blades
   114 | D:1      | Reached XP level 2. HP: 16/16 MP: 3/3
   425 | D:1      | Found a faded altar of an unknown god.
   556 | D:1      | Reached XP level 3. HP: 19/19 MP: 4/4
   718 | D:2      | Found Gaenen's Antique Weapon Shoppe.
   895 | D:2      | Reached XP level 4. HP: 24/24 MP: 5/5
   895 | D:2      | Noticed Robin
   919 | D:2      | Killed Robin
  1111 | D:2      | Reached skill level 3 in Short Blades
  1367 | D:3      | Noticed Pargi
  1386 | D:3      | Killed Pargi
  1387 | D:3      | Reached XP level 5. HP: 20/28 MP: 4/6
  2063 | D:4      | Reached XP level 6. HP: 32/32 MP: 7/7
  2083 | D:4      | Reached skill level 4 in Short Blades
  2269 | D:4      | Reached XP level 7. HP: 12/37 MP: 6/8
  2294 | D:4      | You fall into a shaft and drop 3 floors!
  2319 | D:7      | Reached skill level 5 in Short Blades
  2446 | D:5      | Entered Level 5 of the Dungeon
  2473 | D:5      | Noticed Menkaure
  2503 | D:5      | Killed Menkaure
  2505 | D:5      | Reached skill level 6 in Short Blades
  2561 | D:5      | Noticed Duvessa
  2561 | D:5      | Noticed Dowan
  2582 | D:5      | Killed Duvessa
  2583 | D:5      | Reached skill level 5 in Fighting
  2583 | D:5      | Gained mutation: You have razor-sharp teeth. [Vine Stalker
                  | growth]
  2583 | D:5      | Reached XP level 8. HP: 17/43 MP: 3/9
  2641 | D:5      | Killed Dowan
  2653 | D:5      | Found an ornate altar of the Wu Jian Council.
  2745 | D:5      | Noticed Pikel
  2766 | D:5      | Killed Pikel
  2767 | D:5      | Reached skill level 7 in Short Blades
  3768 | D:5      | Found a staircase to the Ecumenical Temple.
  3778 | Temple   | Found a transporter.
  3778 | Temple   | Found a transporter.
  3778 | Temple   | Found a transporter.
  3778 | Temple   | Found a transporter.
  3778 | Temple   | Entered the Ecumenical Temple
  3790 | Temple   | Became a worshipper of Uskayaw the Reveller
  3839 | D:5      | Found a white marble altar of Elyvilon.
  3953 | D:5      | Found a sparkling altar of Nemelex Xobeh.
  3958 | D:5      | Reached * piety under Uskayaw
  3960 | D:5      | Reached ** piety under Uskayaw
  3962 | D:5      | Reached skill level 8 in Short Blades
  3962 | D:5      | Reached skill level 1 in Invocations
  4230 | D:6      | Reached XP level 9. HP: 48/48 MP: 10/10
  4270 | D:6      | Reached skill level 1 in Stealth
  4351 | D:6      | Reached *** piety under Uskayaw
  4353 | D:6      | Reached **** piety under Uskayaw
  4573 | D:6      | Identified the +0 ring mail "Ijunweghe" {rN+ SInv Stlth+}
  4753 | D:7      | Found a broken altar of Ashenzari.
  4939 | D:7      | Noticed Maurice
  4946 | D:7      | Maurice stole a throwing net
  4948 | D:7      | Maurice stole 349 gold
  4953 | D:7      | Maurice stole 17 gold
  4956 | D:7      | Slain by Maurice

Illustrated notes

Levels and vault maps discovered:
D:1:      amcnicky_arrival_underground_garden, layout_basic,
          ebering_ecumenical_altar_sacrificial, hangedman_decor_points,
          minivault_19
D:2:      minmay_general_purpose_star, layout_rooms, serial_glass,
          glass_columns_b, glass_columns_a, minmay_strange_pillars,
          due_unseen_surprise, serial_shops, nicolae_diamond_shop, uniq_robin
D:3:      layout_loops_ring, grunt_decor_one_mirror, uniq_pargi
D:4:      layout_basic
D:5:      layout_basic, nzn_wu_jian_contemplation, lemuel_doored_altar,
          nemelex_dance_club_becter, minmay_temple_entry_antechambers,
          uniq_menkaure, uniq_duvessa, uniq_pikel
D:6:      nicolae_cairo_tiling_large_dashed, layout_gridville
D:7:      layout_loops_cross, grunt_dithmenos_shadows,
          cheibrodos_ashenzari_chains, serial_shops, kennysheep_little_box,
          chequers_serial_rivers_large_a, uniq_maurice, uniq_maggie
Temple:   hellmonk_temple_divided_pantheon

Skill      XL: |  1  2  3  4  5  6  7  8  9 |
---------------+----------------------------+-----
Short Blades   | 2 3 4 6 8 |  8.6
Shields        | 3 4 |  4.0
Fighting       | 3 4 5 6 |  6.5
Invocations    | 1 3 |  3.4
Stealth        | 3 |  3.0
Armour         | |  2.4

Action                     |  1- 3 |  4- 6 |  7- 9 || total
---------------------------+-------+-------+-------++-------
  Melee: Rapier            |    99 |   242 |   233 ||   574
         Bite              |    25 |    78 |    81 ||   184
  Evoke: Wand              |       |       |     5 ||     5
    Use: Scroll            |       |     3 |     4 ||     7
   Stab: Paralysed         |       |       |     3 ||     3
         Sleeping          |       |       |     2 ||     2
 Armour: Scale mail        |    28 |       |       ||    28
         Chain mail        |    62 |   238 |   131 ||   431
         Ring mail         |       |       |    17 ||    17
  Dodge: Dodged            |    58 |   109 |    79 ||   246
  Block: Buckler           |    12 |    65 |    61 ||   138
